 Dungeon Crawl Stone Soup version 0.26.1-11-gd32895ea62 (webtiles) character file.

Game seed: 10141007950480089990

91 kodamatunes15 the Ruffian (level 4, -1/37 HPs)
             Began as a Ghoul Gladiator on May 19, 2021.
             Slain by an adder (4 damage)
             ... on level 3 of the Dungeon.
             The game lasted 00:12:06 (2076 turns).

kodamatunes15 the Ruffian (Ghoul Gladiator)         Turns: 2076, Time: 00:12:06

Health: -1/37      AC: 10    Str: 17    XL:     4   Next: 59%
Magic:  3/3        EV:  8    Int:  4    God:
Gold:   135        SH:  0    Dex: 10    Spells: 3/3 levels left

rFire    . . .     SeeInvis .   d - +2 dagger (speed)
rCold    + . .     Faith    .   (no shield)
rNeg     + + +     Spirit   .   p - +0 chain mail
rPois    ∞         Reflect  .   b - +1 helmet
rElec    .         Harm     .   (no cloak)
rCorr    .         Rampage  .   (no gloves)
Will     .....                  (no boots)
Stlth    ..........             (no amulet)
HPRegen  0.00/turn              (no ring)
MPRegen  0.08/turn              (no ring)

@: no status effects
A: claws 1, cold resistance 1, negative energy resistance 3, inhibited
regeneration, torment resistance, unbreathing
a: no special abilities


You were on level 3 of the Dungeon.
You visited 1 branch of the dungeon, and saw 3 of its levels.

You collected 135 gold pieces.

Inventory:

Hand Weapons
 d - a +2 dagger of speed (weapon)
Missiles
 c - 3 throwing nets (quivered)
Armour
 b - a +1 helmet (worn)
 p - a +0 chain mail (worn)
Scrolls
 a - 4 scrolls of identify
 i - 2 scrolls of teleportation
 j - a scroll of enchant armour
 o - a scroll of remove curse
Potions
 e - 2 potions of magic {unknown}
 f - 2 potions of attraction {unknown}
 g - a potion of resistance {unknown}
 h - 2 potions of flight {unknown}
 k - a potion of haste {unknown}
 l - a potion of heal wounds {unknown}
 m - a potion of lignification {unknown}
 n - a potion of ambrosia {unknown}


   Skills:
 + Level 2.6 Fighting
 + Level 0.4 Short Blades
 + Level 2.0 Throwing
 + Level 1.2 Armour
 + Level 3.3 Dodging
 + Level 0.3 Stealth
 + Level 4.2 Unarmed Combat


You had 3 spell levels left.
You didn't know any spells.
Your spell library contained the following spells:

 Spells                   Type           Power        Failure   Level
 Animate Skeleton         Necr           0%           100%        1
 Apportation              Tloc           0%           100%        1
 Corona                   Hex            0%           100%        1
 Summon Small Mammal      Summ           0%           100%        1


Dungeon Overview and Level Annotations

Branches:
Dungeon (3/15)

Altars:
Dithmenos
Uskayaw


Innate Abilities, Weirdness & Mutations

You thrive by killing the living.
You are immune to poison.
You have sharp fingernails.
Your flesh is cold resistant. (rC+)
You are immune to negative energy. (rN+++)
You do not regenerate when monsters are visible.
You are immune to unholy pain and torment.
You can survive without breathing.


Message History

The orc barely misses you.
You barely miss the orc priest.
The orc priest is almost dead.
The orc wizard gestures wildly while chanting.
The orc wizard blinks!
The orc priest hits you but does no damage.
The adder bites you but does no damage. The leopard gecko closely misses you.
You hit the orc priest.
You claw the orc priest, but do no damage.
The orc priest is almost dead.
The orc hits you with a +0 mace.
* * * LOW HITPOINT WARNING * * *
The adder barely misses you.
The orc priest hits you with a +0 flail.
* * * LOW HITPOINT WARNING * * *
The leopard gecko bites you but does no damage.
You barely miss the orc priest.
The orc priest is almost dead.
The adder bites you.
You die...

#.###[.# ##.## #...>#.#
#.... .#.#####.#..#.#
####..(. ....o....#..#.#
#.......
##.####..#..#.###.##.###
.... #).#..#.##........
..... #§.#..#.##.....†..
....?o#oS#..#.##........
.._..gl@.#..)))......)..
......#o.##.#)..........
......#.....####........
..... #.###...(.........
##.## #.# #.####.<......
... ..# #.# #......>. #.
#####.## ########.
##.#.## #.
##.###.##########


You could see an orc priest, an adder, 2 orcs, a leopard gecko and a hobgoblin.

Vanquished Creatures
  2 adders (D:3)
  2 worms
  A dart slug (D:1)
  4 leopard geckos
  8 orcs (D:3)
  3 bats
  2 giant cockroaches
  6 goblins
  2 hobgoblins
  A frilled lizard (D:1)
  14 kobolds
  6 rats
51 creatures vanquished.

Vanquished Creatures (others)
  5 plants (D:1)
5 creatures vanquished.

Grand Total: 56 creatures vanquished

Notes
Turn   | Place    | Note
-------+----------+-------------------------------------------
     0 | D:1      | kodamatunes15 the Ghoul Gladiator began the quest for the
                  | Orb.
     0 | D:1      | Reached XP level 1. HP: 17/17 MP: 0/0
   154 | D:1      | Reached XP level 2. HP: 19/24 MP: 1/1
   387 | D:1      | Reached XP level 3. HP: 15/30 MP: 2/2
   931 | D:2      | Found a hide-covered altar of Uskayaw.
  1011 | D:2      | Reached skill level 4 in Unarmed Combat
  1770 | D:3      | Reached skill level 1 in Armour
  1770 | D:3      | Reached XP level 4. HP: 27/37 MP: 3/3
  2026 | D:3      | Found a shadowy altar of Dithmenos.
  2076 | D:3      | Slain by an adder

Illustrated notes

Levels and vault maps discovered:
D:1:      minmay_arrival_split_and_join, layout_basic, lexackson_kobold_supper
D:2:      layout_loops_cross, eat_drink_and_be_merry_uskayaw
D:3:      layout_loops_ring, old_standard_altar

Skill      XL: |  1  2  3 |
---------------+----------+-----
Dodging        | 3 |  3.3
Throwing       | 2 |  2.0
Unarmed Combat | 4 |  4.2
Armour         | 1 |  1.2
Fighting       | |  2.6
Short Blades   | |  0.4
Stealth        | |  0.3

Action                   |  1- 3 |  4- 6 || total
-------------------------+-------+-------++-------
Melee: Unarmed           |    63 |       ||    63
       Punch             |     3 |     3 ||     6
       Dagger            |    63 |    94 ||   157
  Use: Scroll            |     6 |       ||     6
Armor: Leather armour    |    26 |       ||    26
       Ring mail         |    11 |    18 ||    29
       Chain mail        |       |    36 ||    36
Dodge: Dodged            |    77 |    45 ||   122
